 Dungeon Crawl Stone Soup version 0.30-b1-2-g02819fbbbe (webtiles) character file.

Game seed: 5149081732280376302

2664 Varyis the Skirmisher (level 9, -5/78 HPs)
             Began as a Minotaur Hunter on June 16, 2023.
             Was an Initiate of Gozag.
             Slain by a troll (9 damage)
             ... on level 7 of the Dungeon.
             The game lasted 00:15:48 (10396 turns).

Varyis the Skirmisher (Minotaur Hunter)            Turns: 10396, Time: 00:15:49

Health: -5/78      AC: 16    Str: 17    XL:     9   Next: 36%
Magic:  8/8        EV: 12    Int:  6    God:    Gozag
Gold:   536        SH:  0    Dex: 17    Spells: 8/8 levels left

rFire   + . .        a - +0 shortbow
rCold   . . .        (shield currently unavailable)
rNeg    . . .        c - +0 leather armour
rPois   .            (helmet restricted)
rElec   .            r - +2 cloak
rCorr   .            e - +2 pair of gloves
SInv    .            D - +2 pair of boots
Will    .....        (no amulet)
Stlth   ++           j - +4 ring of protection
HPRegen 0.33/turn    p - ring of protection from fire
MPRegen 0.11/turn

%: no passive effects
@: no status effects
A: horns 2, retaliatory headbutt
a: Renounce Religion, Potion Petition, Call Merchant, Bribe Branch


You were on level 7 of the Dungeon.
You worshipped Gozag.
Gozag was pleased with you.
You visited 1 branch of the dungeon, and saw 7 of its levels.

You collected 620 gold pieces.
You paid 84 gold pieces to Gozag.

Inventory:

Hand Weapons
 a - a +0 shortbow (weapon)
 m - a +0 sling
 q - a +1 dagger of speed
 s - a +2 flail of protection
 G - a +0 short sword of flaming
Armour
 c - a +0 leather armour (worn)
 e - a +2 pair of gloves (worn)
 h - a +0 scale mail
 i - a +0 plate armour
 r - a +2 cloak (worn)
 C - a +0 buckler
 D - a +2 pair of boots (worn)
Jewellery
 j - a +4 ring of protection (left hand)
 p - a ring of protection from fire (right hand)
 w - a ring of ice
 A - a ring of protection from cold
Wands
 y - a wand of iceblast (2)
 B - a wand of flame (20)
 E - a wand of paralysis (3)
Scrolls
 b - 5 scrolls of immolation
 g - 2 scrolls of teleportation
 l - 3 scrolls of fear {unknown}
 n - 2 scrolls of magic mapping {unknown}
 t - a scroll of brand weapon {unknown}
 u - 7 scrolls of identify {unknown}
 x - a scroll of amnesia {unknown}
 F - a scroll of poison {unknown}
Potions
 d - 2 potions of invisibility
 f - a potion of resistance {unknown}
 k - 6 potions of degeneration
 o - 3 potions of heal wounds {unknown}
 v - a potion of magic {unknown}
 z - 2 potions of lignification {unknown}


   Skills:
 * Level 6.7(3.3) Fighting
 * Level 12.3(8.3) Ranged Weapons
 + Level 3.5(1.7) Armour
 + Level 4.1(2.0) Dodging
 + Level 1.6(0.8) Stealth


You had 8 spell levels left.
You didn't know any spells.
Your spell library contained the following spells:

 Spells                   Type           Power      Damage    Failure   Level
 Shock                    Conj/Air       0%         1d3       52%         1
 Sting                    Tmut/Pois      0%         1d3       52%         1
 Summon Small Mammal      Summ           0%         N/A       52%         1
 Cigotuvi's Dreadful Rot  Necr/Pois/Air  0%         N/A       65%         2
 Poisonous Vapours        Pois/Air       0%         N/A       65%         2
 Sublimation of Blood     Necr           0%         N/A       65%         2
 Call Canine Familiar     Summ           0%         N/A       87%         3
 Ignite Poison            Fire/Tmut/Pois 0%         N/A       87%         3
 Summon Guardian Golem    Hex/Summ       0%         N/A       87%         3
 Swiftness                Air            0%         N/A       87%         3
 Airstrike                Air            0%         2d(0-16)  99%         4
 Manifold Assault         Tloc           0%         N/A       99%         4
 Olgreb's Toxic Radiance  Pois           0%         N/A       99%         4
 Petrify                  Tmut/Erth      0%         N/A       99%         4
 Freezing Cloud           Conj/Ice/Air   0%         6-21      100%        5
 Irradiate                Conj/Tmut      0%         3d11      100%        5
 Dispersal                Tloc           0%         N/A       100%        6
 Disjunction              Tloc           0%         N/A       100%        8


Dungeon Overview and Level Annotations

Branches:
Dungeon (7/15)             Temple (0/1) D:5

Altars:
Ashenzari
Gozag
Hepliaklqana
Qazlal
Sif Muna
The Shining One


Innate Abilities, Weirdness & Mutations

You have a pair of horns on your head.
You reflexively headbutt those who attack you in melee.


Message History

You are confused.
You bump into the rock wall.
The orc wizard hits you but does no damage.
The orc misses you.
You clumsily bash the orc but do no damage.
The orc wizard mumbles some strange words.
The orc wizard flickers and vanishes!
Deactivating autopickup; reactivate with Ctrl-A.
The orc barely misses you.
You bump into the rock wall.
Something hits you but does no damage.
You clumsily bash something but do no damage.
You feel less confused. The orc hits you with a +0 flail!
* * * LOW HITPOINT WARNING * * *
The orc closely misses you.
The orc priest casts a cantrip, but nothing happens.
Something hits you but does no damage. x2; The orc hits you but does no damage.
The orc closely misses you. The orc barely misses you.
The orc priest looks encouraged for a moment.
You hear some strange, mumbled words.
You are confused.
The orc throws a stone.
The stone misses you.
You're too confused to move!
The orc hits you but does no damage. The troll barely misses you.
The troll misses you. The troll claws you but does no damage.
You clumsily bash the orc but do no damage.
The troll barely misses you. The troll claws you but does no damage.
The troll claws you.
* * * LOW HITPOINT WARNING * * *
You bump into the rock wall.
The troll bites you but does no damage. The troll claws you but does no damage.
The troll misses you.
The orc priest invokes the aid of Beogh against you.
Beogh smites you!
* * * LOW HITPOINT WARNING * * *
You bump into the rock wall.
You feel less confused. The troll bites you!
You die...
Your body crumbles into a pile of gold.

#.# #.#
#.# #<# ♣
#.# ♣. #.#
♣. #.#####
♣ #..)T)#
♣ #####@#
#.# ##o#
#######oo#
#........#
#.#####..#
#.# #..#
#.# #)>#
#.# #..#


You could see a troll, an orc priest and 2 orcs.

Vanquished Creatures
  Grinder (D:4)
  A steam dragon (D:7)
  2 water moccasins
  4 ice beasts (D:6)
  4 ogres
  2 black bears (D:5)
  A phantom (D:5)
  A centaur (D:5)
  A kobold brigand (D:7)
  Blork the orc (D:4)
  2 bullfrogs
  4 scorpions
  4 orc priests
  2 hounds
  A gnoll bouda (D:5)
  A sleepcap (D:5)
  An iguana (D:6)
  Ijyb (D:4)
  2 orc wizards
  13 gnolls
  6 adders
  A white imp (D:6)
  An ufetubus (D:4)
  2 worms
  2 dart slugs
  17 orcs
  4 endoplasms
  3 giant cockroaches
  7 goblins
  9 hobgoblins
  4 jackals (D:1)
  10 kobolds
  5 quokkas
  6 ball pythons
  7 bats
  3 frilled lizards
  6 rats
142 creatures vanquished.

Notes
Turn   | Place    | Note
-------+----------+-------------------------------------------
     0 | D:1      | Varyis the Minotaur Hunter began the quest for the Orb.
     0 | D:1      | Reached XP level 1. HP: 18/18 MP: 0/0
   124 | D:1      | Reached XP level 2. HP: 21/25 MP: 1/1
   151 | D:1      | Reached skill level 5 in Ranged Weapons
   453 | D:1      | Reached XP level 3. HP: 30/30 MP: 2/2
   729 | D:1      | Reached skill level 1 in Armour
   979 | D:2      | Found a glowing golden altar of the Shining One.
  1872 | D:3      | Reached XP level 4. HP: 33/37 MP: 3/3
  2110 | D:3      | Reached skill level 6 in Ranged Weapons
  2110 | D:3      | Reached skill level 1 in Stealth
  2177 | D:3      | Found a shimmering blue altar of Sif Muna.
  2358 | D:3      | Reached XP level 5. HP: 26/44 MP: 4/4
  2533 | D:4      | Found a broken altar of Ashenzari.
  2540 | D:4      | Became a worshipper of Ashenzari the Shackled
  2576 | D:4      | Noticed Blork the orc
  2586 | D:4      | Killed Blork the orc
  2640 | D:4      | Found a stormy altar of Qazlal.
  2753 | D:4      | Reached XP level 6. HP: 41/51 MP: 5/5
  3119 | D:4      | Reached skill level 7 in Ranged Weapons
  3296 | D:4      | Found a hazy altar of Hepliaklqana.
  3335 | D:4      | Noticed Ijyb
  3349 | D:4      | Killed Ijyb
  3619 | D:4      | Noticed Grinder
  3631 | D:4      | Paralysed by Grinder for 5 turns
  3639 | D:4      | Killed Grinder
  3640 | D:4      | Reached XP level 7. HP: 17/59 MP: 6/6
  4238 | D:5      | Entered Level 5 of the Dungeon
  4252 | D:5      | Reached skill level 8 in Ranged Weapons
  4304 | D:5      | Found a staircase to the Ecumenical Temple.
  4344 | D:5      | Reached skill level 9 in Ranged Weapons
  4411 | D:5      | Reached XP level 8. HP: 33/67 MP: 7/7
  4704 | D:5      | Reached skill level 10 in Ranged Weapons
  4780 | D:5      | Found an opulent altar of Gozag.
  4783 | D:5      | Fell from the grace of Ashenzari
  4783 | D:5      | Became a worshipper of Gozag Ym Sagoz the Greedy
  4958 | D:5      | Reached skill level 5 in Fighting
  5863 | D:6      | Reached skill level 11 in Ranged Weapons
  6127 | D:6      | Reached XP level 9. HP: 75/75 MP: 8/8
  9971 | D:7      | Reached skill level 12 in Ranged Weapons
 10235 | D:7      | Noticed a troll
 10396 | D:7      | Slain by a troll

Illustrated notes

Levels and vault maps discovered:
D:1:      dpeg_arrival_court, layout_loops_ring
D:2:      layout_loops_corners, basic_altar, minmay_ruptured
D:3:      layout_rooms, general_overflow_altar, st_stairs_2
D:4:      layout_loops_ring, mainiacjoe_overflow_24_doors, ashenzari_altar_1,
          mainiacjoe_overflow_paths, uniq_grinder, uniq_blork_the_orc, uniq_ijyb
D:5:      layout_loops_ring, lemuel_doored_altar, minmay_temple_entry_tees,
          serial_rivers, chequers_serial_rivers_micro_a,
          chequers_serial_rivers_large_b, chequers_serial_rivers_large_a,
          chequers_serial_rivers_micro_c, chequers_serial_rivers_micro_a,
          chequers_serial_rivers_micro_c, serial_bayou_pond_e
D:6:      layout_loops_corners
D:7:      kb_forest_paths, layout_loops_ring

Skill      XL: |  1  2  3  4  5  6  7  8  9 |
---------------+----------------------------+-----
Ranged Weapons | 5 6 7 9 11 12 | 12.3
Armour         | 1 2 3 |  3.5
Stealth        | 1 |  1.6
Dodging        | 3 4 |  4.1
Fighting       | 3 4 6 |  6.7

Action                     |  1- 3 |  4- 6 |  7- 9 || total
---------------------------+-------+-------+-------++-------
  Melee: Shortbow          |       |       |     3 ||     3
   Fire: Shortbow          |   128 |   173 |   297 ||   598
    Use: Potion            |       |     1 |     1 ||     2
         Scroll            |       |       |     7 ||     7
 Armour: Leather armour    |    26 |    57 |   147 ||   230
         Plate armour      |    41 |       |       ||    41
         Scale mail        |     4 |       |       ||     4
  Dodge: Dodged            |    49 |    61 |   151 ||   261
